 Dungeon Crawl Stone Soup version 0.25.1-2-g60ff931df9 (webtiles) character file.

Game seed: 2046584324224268731

34235 gruber the Transmogrifier (level 13, -4/101 HPs)
             Began as a Merfolk Transmuter on Sept 29, 2020.
             Was a High Priest of Ru.
             Shot with an arrow by Nessos (25 damage)
             ... while paralysed by Nessos
             ... on level 6 of the Lair of Beasts.
             The game lasted 00:30:16 (23775 turns).

gruber the Transmogrifier (Merfolk Transmuter)     Turns: 23775, Time: 00:30:17

Health: -4/101     AC:  2    Str: 10    XL:     13   Next: 76%
Magic:  24/25      EV:  5    Int: 16    God:    Ru [*****.]
Gold:   847        SH:  0    Dex: 21    Spells: 13/28 levels left

rFire    . . .     SeeInvis .     - Unarmed
rCold    . . .     Gourm    .   (shield unavailable)
rNeg     . . .     Faith    .   (armour currently unavailable)
rPois    x         Spirit   .   (helmet currently unavailable)
rElec    .         Reflect  .   (cloak currently unavailable)
rCorr    .         Harm     .   (gloves currently unavailable)
MR       .....                  (boots currently unavailable)
Stlth    ++........             (no amulet)
HPRegen  0.26/turn              (ring unavailable)
MPRegen  0.19/turn              l - +4 ring of evasion

@: paralysed, lethally poisoned (-4 -> -34), spider-form (expiring), marked
A: tiny, (change form in water), (swift swim), (stealthy swim), missing a hand,
inability to use devices
a: End Transformation, Draw Out Power, Power Leap, Apocalypse, Renounce Religion


You were on level 6 of the Lair of Beasts.
You worshipped Ru.
Ru was extremely pleased with you.
You were not hungry.
You were a venomous arachnid creature.
You visited 3 branches of the dungeon, and saw 18 of its levels.
You also visited: Sewer.

You collected 847 gold pieces.

Inventory:

Missiles
 a - 317 arrows
Armour
 b - a +0 cloak (melded)
 o - a +2 hat (melded)
 q - a +0 pair of gloves (melded)
 E - a +1 robe of magic resistance (melded)
Jewellery
 l - a +4 ring of evasion (right front leg)
 r - an uncursed ring of positive energy
 u - an uncursed ring of stealth
 y - an uncursed ring of resist corrosion
 L - an uncursed ring of see invisible
Scrolls
 e - 3 scrolls of teleportation
 g - 3 scrolls of magic mapping
 h - 7 scrolls of identify
 k - 2 scrolls of fear {unknown}
 m - 3 scrolls of amnesia {unknown}
 p - a scroll of brand weapon {unknown}
 s - 2 scrolls of immolation {unknown}
 v - a scroll of blinking {unknown}
 w - 6 scrolls of fog
 A - 6 scrolls of remove curse
 B - 2 scrolls of enchant armour
 D - 2 scrolls of enchant weapon {unknown}
 G - 3 scrolls of noise {unknown}
 H - a scroll of acquirement {unknown}
 J - 3 scrolls of vulnerability {unknown}
 M - a scroll of holy word {unknown}
Potions
 c - 10 potions of curing
 f - a potion of ambrosia
 i - 3 potions of berserk rage
 j - 4 potions of heal wounds
 n - 2 potions of mutation
 t - a potion of brilliance
 x - a potion of haste
 z - a potion of magic
 F - 3 potions of resistance
 I - 2 potions of lignification
Comestibles
 d - 27 rations
 C - 4 chunks of flesh


   Skills:
 - Level 9.1 Fighting
 - Level 12.0 Dodging
 - Level 13.1 Unarmed Combat
 - Level 8.0 Spellcasting
 * Level 13.7 Transmutations
 - Level 6.3 Ice Magic
 - Level 6.3 Poison Magic


You had 13 spell levels left.
You knew the following spells:

 Your Spells              Type           Power        Failure   Level  Hunger
a - Beastly Appendage     Tmut           ######       1%          1    None
b - Sticks to Snakes      Tmut           ######..     1%          2    None
c - Spider Form           Tmut/Pois      #####.....   3%          3    ##.....
d - Ice Form              Ice/Tmut       #####...     8%          4    ####...
e - Blade Hands           Tmut           ######....   5%          5    #####..

Your spell library contained the following spells:

 Spells                   Type           Power        Failure   Level  Hunger
 Animate Skeleton         Necr           N/A          26%         1    None
 Corona                   Hex            #......      26%         1    None
 Magic Dart               Conj           #...         26%         1    None
 Pain                     Necr           #...         26%         1    None
 Searing Ray              Conj           #.....       36%         2    None
 Slow                     Hex            #.......     36%         2    None
 Dazzling Flash           Conj/Hex       #.....       54%         3    ##.....
 Inner Flame              Hex/Fire       #.......     54%         3    ##.....
 Portal Projectile        Hex/Tloc       #.....       54%         3    ##.....
 Static Discharge         Conj/Air       #.......     54%         3    ##.....
 Vampiric Draining        Necr           #.........   54%         3    ##.....
 Metabolic Englaciation   Hex/Ice        ###.......   83%         5    #####..
 Animate Dead             Necr           N/A          88%         4    ####...
 Cause Fear               Hex            #.........   88%         4    ####...
 Fulminant Prism          Conj/Hex       #.........   88%         4    ####...
 Iskenderun's Mystic Bla  Conj/Tloc      #.......     88%         4    ####...
 Leda's Liquefaction      Hex/Erth       #.........   88%         4    ####...
 Ozocubu's Refrigeration  Ice            ####......   91%         6    #######
 Agony                    Necr           #.......     99%         5    #####..
 Bolt of Magma            Conj/Fire/Erth #.........   99%         5    #####..
 Iskenderun's Battlesphe  Conj/Chrm      #.......     99%         5    #####..
 Lightning Bolt           Conj/Air       #.........   99%         5    #####..
 Freezing Cloud           Conj/Ice/Air   ##........   100%        6    #######
 Iron Shot                Conj/Erth      #.........   100%        6    #######
 Simulacrum               Ice/Necr       ###.......   100%        6    #######
 Orb of Destruction       Conj           #.........   100%        7    #######
 Spellforged Servitor     Conj/Summ      #.........   100%        7    #######
 Ignition                 Fire           #.........   100%        8    #######
 Shatter                  Erth           #.........   100%        9    #######
 Tornado                  Air            #.........   100%        9    #######


Dungeon Overview and Level Annotations

Branches:
Dungeon (12/15)            Temple (1/1) D:7            Lair (4/6) D:10
  Snake (0/4) Lair:4          Orc (0/2) D:11          Sewer (visited)
  Swamp: Lair:2-4    Shoals: Lair:2-4

Altars:
Ashenzari
Cheibriados
Dithmenos
Elyvilon
Fedhas
Gozag
Hepliaklqana
Kikubaaqudgha
Makhleb
Nemelex Xobeh
Okawaru
Qazlal
Ru
Sif Muna
Trog
Uskayaw
Vehumet
Wu Jian
Xom
Yredelemnul
Zin
The Shining One
Jiyva

Shops:
D:11 }

Annotations:
D:5 2 transporters
D:12 2 transporters, bworf's ghost, journeyman HuFi
Lair:1 exclusion: oklob plant
Lair:3 3 runed translucent doors, EtherCrawl's ghost, journeyman DrBe
Lair:4 Kirke
Lair:6 Nessos


Innate Abilities, Weirdness & Mutations

((You revert to your normal form in water.))
((You are very nimble and swift while swimming.))
((You are very stealthy in the water. (Stealth+)))
You are missing a hand.
You cannot study or use magical devices.


Message History

Unknown command.
You hit Nessos but do no damage.
Nessos is heavily wounded.
* * * LOW HITPOINT WARNING * * *
You feel sick.
Nessos begins to cast a spell, but is stunned by your will!
Nessos blinks!
Unknown command.
Unknown command.
You feel much better.
* * * LOW HITPOINT WARNING * * *
You feel very sick. Nessos hits you.
* * * LOW HITPOINT WARNING * * *
Nessos zaps a wand.
You suddenly lose the ability to move!
* * * LOW HITPOINT WARNING * * *
You feel very sick.
Nessos blinks!
Nessos wields a +1 longbow of flaming.
It bursts into flame!
Nessos shoots an arrow.
The arrow hits you!!
You die...

##########
##...##(c.#
#.....#...##..
#./..#....#.###
#..†##...##...#
#..÷.#§s##...#
###..#D###...# #.
####'#.h..+...## ##..
#.....+........# ...
#....##.......### #..
#......+.##.....#
#..###.####.##.....##
#..#######....#..##
##.##(...+.÷......#


You could see Nessos (fast, extremely poisoned), a seven-headed hydra and a
wolf.

Vanquished Creatures
  Rupert (Lair:3)
  5 hydras
  4 two-headed ogres
  An alligator (Lair:6)
  2 unseen horrors
  Pikel (D:5)
  An ugly thing (D:8)
  A manticore (D:11)
  A cyclops (D:12)
  5 black mambas
  9 spiny frogs
  A gargoyle (D:12)
  2 kobold demonologists (D:12)
  3 komodo dragons
  A merfolk (D:10)
  2 trolls
  Prince Ribbit (D:9)
  3 slime creatures (D:12)
  A blink frog (Lair:4)
  3 hippogriffs
  13 yaks
  Eustachio (D:4)
  3 wyverns
  A basilisk (Lair:3)
  A hungry ghost (D:10)
  4 vampire mosquitoes (D:12)
  Menkaure (D:5)
  An acid dragon (D:12)
  15 water moccasins
  3 orc warriors
  2 black bears
  8 porcupines
  4 ice beasts
  5 sky beasts
  2 slaves (D:5)
  7 ogres
  4 phantoms
  11 necrophages
  7 centaurs
  A wolf (Lair:1)
  5 crocodiles
  Blork the orc (D:5)
  5 big kobolds
  14 bullfrogs
  Dowan (D:5)
  2 wyvern zombies
  A scorpion (D:7)
  A water moccasin skeleton (D:9)
  10 wights
  8 killer bees
  A centaur zombie (D:11)
  5 howler monkeys
  2 quasits (D:4)
  4 crimson imps
  9 orc priests
  A bullfrog skeleton (D:4)
  2 bullfrog zombies
  10 hounds
  A jelly (D:8)
  Crazy Yiuf (D:6)
  A gnoll shaman (D:9)
  8 orc wizards
  2 centaur skeletons
  3 iguanas
  Ijyb (D:3)
  3 hell rats
  13 worker ants
  A killer bee zombie (D:5)
  A hound skeleton (D:4)
  2 hound zombies
  2 mummies (D:11)
  9 gnolls
  19 adders
  15 river rats
  3 shadow imps
  2 oozes
  An adder skeleton (D:7)
  An adder zombie (D:5)
  7 worms
  2 dart slugs
  9 leopard geckos
  47 orcs
  4 ball pythons
  9 giant cockroaches
  4 goblins
  4 hobgoblins
  7 jackals
  28 kobolds
  5 quokkas
  8 bats
  10 frilled lizards
  A giant cockroach zombie (D:5)
  A leopard gecko skeleton (D:5)
  A quokka skeleton (D:6)
  A quokka zombie (D:8)
  19 rats
480 creatures vanquished.

Vanquished Creatures (collateral kills)
  Duvessa (D:5)
  A centaur (D:11)
  A scorpion (D:9)
  A howler monkey zombie (D:5)
  3 adders
  2 orcs (D:10)
  A frilled lizard (D:3)
10 creatures vanquished.

Vanquished Creatures (others)
  A centaur skeleton (D:11)
  A hippogriff (D:9)
  An ogre (D:10)
  A river rat (Lair:3)
  18 fungi
  10 plants
32 creatures vanquished.

Grand Total: 522 creatures vanquished

Notes
Turn   | Place    | Note
-------+----------+-------------------------------------------
     0 | D:1      | gruber the Merfolk Transmuter began the quest for the Orb.
     0 | D:1      | Reached XP level 1. HP: 15/15 MP: 3/3
   187 | D:1      | Reached XP level 2. HP: 14/21 MP: 3/5
   887 | D:1      | Reached XP level 3. HP: 20/26 MP: 6/6
   891 | D:1      | Learned a level 2 spell: Sticks to Snakes
   895 | D:1      | Learned a level 3 spell: Spider Form
  1805 | D:2      | Reached skill level 5 in Unarmed Combat
  2121 | D:2      | Reached XP level 4. HP: 31/32 MP: 4/7
  2906 | D:3      | Reached XP level 5. HP: 18/37 MP: 4/8
  3074 | D:3      | Noticed an ogre
  3085 | D:3      | Killed an ogre
  3085 | D:3      | Reached skill level 5 in Transmutations
  3263 | D:3      | Found a stormy altar of Qazlal.
  3265 | D:3      | Noticed an air elemental
  3267 | D:3      | Noticed a water elemental
  3267 | D:3      | Noticed a fire elemental
  3816 | D:3      | Noticed Ijyb
  3841 | D:3      | Killed Ijyb
  3841 | D:3      | Reached skill level 1 in Poison Magic
  4039 | D:4      | Reached XP level 6. HP: 43/43 MP: 9/9
  4040 | D:4      | Noticed a phantom
  4208 | D:4      | Noticed Eustachio
  4246 | D:4      | Killed Eustachio
  4246 | D:4      | Reached skill level 5 in Poison Magic
  4246 | D:4      | Reached XP level 7. HP: 25/48 MP: 7/10
  4703 | D:4      | Found a glowing drain.
  4712 | Sewer    | Entered a sewer
  4965 | Sewer    | Reached XP level 8. HP: 54/54 MP: 11/11
  5828 | D:4      | Found a sacrificial altar of Ru.
  6187 | D:5      | Entered Level 5 of the Dungeon
  6476 | D:5      | Reached skill level 5 in Dodging
  6640 | D:5      | Learned a level 4 spell: Ice Form
  6789 | D:5      | Reached XP level 9. HP: 32/59 MP: 12/12
  7149 | D:5      | Noticed Duvessa
  7149 | D:5      | Noticed Dowan
  7156 | D:5      | Noticed Blork the orc
  7164 | D:5      | Killed Duvessa
  7348 | D:5      | Noticed Pikel
  7421 | D:5      | Killed Pikel
  7421 | D:5      | Reached skill level 10 in Dodging
  7552 | D:5      | Found an ornate altar of the Wu Jian Council.
  7611 | D:5      | Noticed Menkaure
  7642 | D:5      | Killed Menkaure
  7784 | D:5      | Killed Blork the orc
  7951 | D:5      | Killed Dowan
  8019 | D:5      | Found a transporter.
  8024 | D:5      | Found a transporter.
  8051 | D:6      | Found a burning altar of Makhleb.
  8182 | D:6      | Found a runed translucent door.
  8183 | D:6      | Noticed Crazy Yiuf
  8293 | D:6      | Reached skill level 1 in Ice Magic
  9418 | D:6      | Killed Crazy Yiuf
  9418 | D:6      | Reached XP level 10. HP: 65/65 MP: 9/13
  9542 | D:7      | Reached skill level 5 in Ice Magic
  9806 | D:7      | Found a staircase to the Ecumenical Temple.
  9824 | Temple   | Entered the Ecumenical Temple
 10014 | D:4      | Became a worshipper of Ru the Awakened
 10981 | D:8      | Noticed a green ugly thing
 10991 | D:8      | Killed a green ugly thing
 10991 | D:8      | Reached skill level 5 in Fighting
 11427 | D:8      | Found a white marble altar of Elyvilon.
 11599 | D:8      | Gained mutation: You cannot study or use magical devices.
                  | [Ru sacrifice]
 11599 | D:8      | Reached * piety under Ru
 11599 | D:8      | Reached ** piety under Ru
 11812 | D:9      | Noticed a two-headed ogre
 11825 | D:9      | Killed a two-headed ogre
 12056 | D:9      | Noticed Prince Ribbit
 12070 | D:9      | Killed Prince Ribbit
 12232 | D:9      | Reached XP level 11. HP: 87/87 MP: 10/14
 12630 | D:9      | Noticed a two-headed ogre
 12655 | D:9      | Killed a two-headed ogre
 12923 | D:9      | Reached skill level 10 in Unarmed Combat
 13154 | D:9      | Found a bloodstained altar of Trog.
 13157 | D:9      | Found a blossoming altar of Fedhas.
 13160 | D:9      | Found a sparkling altar of Nemelex Xobeh.
 13269 | D:10     | Entered Level 10 of the Dungeon
 14161 | D:10     | Found a staircase to the Lair.
 14191 | D:10     | Noticed a two-headed ogre
 14198 | D:10     | Killed a two-headed ogre
 14199 | D:10     | Gained mutation: You are missing a hand. [Ru sacrifice]
 14199 | D:10     | Reached *** piety under Ru
 14199 | D:10     | Reached **** piety under Ru
 14199 | D:10     | Reached ***** piety under Ru
 14896 | D:11     | Found Moecaoph's Gadget Shop.
 15020 | D:11     | Killed an unseen horror
 15039 | D:11     | Noticed a manticore
 15040 | D:11     | Noticed a two-headed ogre
 15317 | D:11     | Killed a manticore
 15608 | D:11     | Killed a two-headed ogre
 15608 | D:11     | Reached XP level 12. HP: 92/95 MP: 10/15
 15637 | D:11     | Noticed a five-headed hydra
 15648 | D:11     | Killed a five-headed hydra
 15995 | D:11     | Found a bloodstained altar of Trog.
 16352 | D:11     | Found a staircase to the Orcish Mines.
 16453 | D:11     | Learned a level 5 spell: Blade Hands
 16480 | D:12     | Found a transporter.
 16480 | D:12     | Noticed bworf's ghost (journeyman HuFi)
 16484 | D:12     | Found a transporter.
 17610 | D:12     | Noticed a sun demon
 17827 | D:12     | Reached skill level 10 in Transmutations
 18517 | Lair:1   | Entered Level 1 of the Lair of Beasts
 19261 | Lair:1   | Reached skill level 5 in Spellcasting
 19776 | Lair:1   | Got an ancient falchion
 19778 | Lair:1   | Identified the cursed +0 falchion of Disembowelment {elec,
                  | *Rage rPois Int+4} (You found it on level 1 of the Lair of
                  | Beasts)
 20204 | Lair:2   | Reached XP level 13. HP: 101/101 MP: 17/22
 20617 | Lair:2   | Found a shimmering altar of Xom.
 21599 | Lair:3   | Noticed Rupert
 21817 | Lair:3   | Paralysed by Rupert for 3 turns
 22165 | Lair:3   | Killed Rupert
 22562 | Lair:3   | Found a runed translucent gate.
 22600 | Lair:3   | Noticed EtherCrawl's ghost (journeyman DrBe)
 22602 | Lair:3   | Found a runed translucent gate.
 22603 | Lair:3   | Found a runed translucent gate.
 22604 | Lair:3   | Noticed a death ooze
 22834 | Lair:3   | Found a viscous altar of Jiyva.
 22940 | Lair:4   | Noticed Kirke
 23201 | Lair:4   | Found a staircase to the Snake Pit.
 23527 | Lair:4   | You fall into a shaft and drop 2 floors!
 23527 | Lair:6   | Entered Level 6 of the Lair of Beasts
 23527 | Lair:6   | Noticed Nessos
 23772 | Lair:6   | HP: 5/100 [poisoned by Nessos]
 23774 | Lair:6   | Paralysed by Nessos for 5 turns
 23775 | Lair:6   | Shot with an arrow by Nessos

Illustrated notes

Levels and vault maps discovered:
D:1:      eino_arrival_cavern_a, layout_loops_corners, serial_bayou_pond_d
D:2:      layout_basic
D:3:      layout_loops_cross, first_ration, nicolae_qazlal_style_of_elements,
          uniq_ijyb
D:4:      layout_loops_ring, old_standard_altar, cheibrodos_sewer_entry_sluice,
          uniq_eustachio
D:5:      layout_cave_pools, old_standard_altar, gammafunk_ghost_hive,
          uniq_duvessa, uniq_pikel, uniq_menkaure, uniq_blork_the_orc
D:6:      layout_gridville, bloody_makhleb, uniq_crazy_yiuf_cottage
D:7:      layout_cave_pools, minmay_temple_entry_stoned_glass
D:8:      layout_basic, basic_altar
D:9:      layout_irregular_city, grunt_temple_overflow_diamond,
          uniq_prince_ribbit1
D:10:     layout_stronghold, grunt_lair_entry_orc_guard_hut, hangedman_fish_farm
D:11:     layout_basic, orc_0_dummy, serial_shops, shop, basic_altar,
          serial_undead, serial_undead_f, serial_undead_a, serial_undead_d,
          serial_undead_c
D:12:     layout_loops_ring, gammafunk_ghost_arena, dk_vineyard_1,
          kennysheep_small_circle
Temple:   eino_temple_rhombus
Lair:1:   layout_regular_city, minmay_lair_oklob_items, beast_lair_carwin_4,
          infiniplex_staircase_pool_2
Lair:2:   layout_cave_pods, basic_altar, roderic_carrion_pond
Lair:3:   layout_misc_corridors, gammafunk_ghost_ooze, kennysheep_rathole,
          infiniplex_staircase_pool, serial_bayou_shore_b, uniq_rupert
Lair:4:   layout_small_grid, nicolae_swamp_entry_splash_gauntlet,
          minmay_snake_entry_six_corridors, st_stairs_13, uniq_kirke
Lair:6:   hangedman_lair_caniforms_friends, layout_cave_shapes, wormcave,
          nicolae_quartered_pool_super, kennysheep_abandoned_house,
          grunt_megastairs_2, uniq_nessos

Skill      XL: |  1  2  3  4  5  6  7  8  9 10 11 12 13 |
---------------+----------------------------------------+-----
Unarmed Combat | 4 5 6 8 13 | 13.1
Transmutations | 3 4 6 10 13 | 13.7
Poison Magic   | 1 5 6 |  6.3
Dodging        | 6 11 12 | 12.0
Ice Magic      | 4 6 |  6.3
Fighting       | 8 9 |  9.1
Spellcasting   | 6 8 |  8.0

Action                   |  1- 3 |  4- 6 |  7- 9 | 10-12 | 13-15 || total
-------------------------+-------+-------+-------+-------+-------++-------
Melee: Unarmed           |   141 |    95 |   163 |   687 |   255 ||  1341
       Headbutt          |     5 |     3 |       |       |       ||     8
       Punch             |     1 |       |       |       |       ||     1
 Fire: Hunting sling     |       |    31 |   389 |   206 |       ||   626
 Cast: Beastly Appendage |    14 |     5 |       |       |       ||    19
       Spider Form       |     2 |     8 |    23 |    35 |     1 ||    69
       Sticks to Snakes  |     1 |     6 |     8 |    13 |     1 ||    29
       Ice Form          |       |       |     1 |    33 |    18 ||    52
       Blade Hands       |       |       |       |       |     4 ||     4
Invok: Sacrifice Artific |       |       |       |     1 |       ||     1
       Sacrifice a Hand  |       |       |       |     1 |       ||     1
       Reject Sacrifices |       |       |       |     1 |       ||     1
  Use: Potion            |       |       |       |     3 |     1 ||     4
       Scroll            |       |       |       |    17 |     2 ||    19
 Stab: Distracted        |       |       |     1 |     4 |       ||     5
       Invisible         |       |       |       |     3 |     2 ||     5
       Sleeping          |       |       |       |     2 |       ||     2
       Paralysed         |       |       |       |       |     1 ||     1
  Eat: Chunk             |     3 |     6 |    17 |    37 |     9 ||    72
       Ration            |       |     1 |     1 |     3 |     2 ||     7
Armor: Robe              |    25 |    13 |    34 |    18 |     6 ||    96
       Skin              |     1 |     6 |    10 |    36 |    19 ||    72
Dodge: Dodged            |   104 |   112 |   318 |   657 |   186 ||  1377
